[Event "*** Titled Tuesday Blitz"]
[Site "Chess.com"]
[Date "2021.02.09"]
[Round "3"]
[White "zim0ne"]
[Black "Piotrek1979"]
[Result "0-1"]
[WhiteElo "2522"]
[BlackElo "2381"]
[TimeControl "180+1"]
[EndTime "10:31:08 PST"]
[Termination "Piotrek1979 won by resignation"]

1. e4 c6 2. d4 d5 3. exd5 cxd5 4. c4 Nf6 5. Nc3 e6 6. Nf3 Bb4 7. a3 Bxc3+ 8. bxc3 O-O 9. cxd5 exd5 10. Be2 Re8 11. O-O Nc6 12. h3 Bf5 13. Nh4 Be4 14. f3 Bg6 15.
Nxg6 hxg6 16. a4 Rc8 17. Bf4 Na5 18. Bb5 Re6 19. Re1 Rxe1+ 20. Qxe1 Nc4 21. Rb1 b6 22.
Ba6 Rc6 23. Qe2 Re6 24. Qd3 Nh5 25. Bd2 Nxd2 26. Qxd2 Qd6 27. Qg5 Nf4 28. Kf2 f6 29.
Qg4 g5 30. g3 Ng6 31. Qf5 Ne7 32. Qd3 Qa3 33. Bb5 Qa2+ 34. Kg1 Kf7 35. Rf1 Qb2 36. Rf2 Qa3 37. Kg2 Nc6 38. Rd2 Na5 39.
Qf5 Qb3 40. Qd3 Qa3 41. Bd7 Re7 42. Bg4 Nc4 43. Re2 Rxe2+ 44. Qxe2 Qb2 45. Qxb2 Nxb2 46. Bd7 Nd1 47. Bc6 Nxc3 48. Kf2 Ke6 49. Ke3 Kd6 50. Be8 a6 51. Kd3 Na2 52. Bf7 Nb4+ 53. Kc3 Nc6 54. h4 gxh4 55. gxh4 Ne7 56. h5 a5 57. Be8 Nf5 58.
Kd3 Nh6 59. Ke3 Nf5+ 60. Kd3 Ke7 61. Bb5 Kd6 62. Ba6 Ng3 63. Bc8 Nxh5 64. Ke3 g5 65.
Bg4 Nf4 66. Bf5 Ne6 67. Bc2 Ng7 68. f4 gxf4+ 69. Kxf4 Ne6+ 70. Ke3 Ng7 71. Kf4 Ke6 72.
Bd1 Kf7 73. Bf3 Ke6 74. Bg4+ Kd6 75. Bh3 Ne8 76. Kf5 Nc7 77. Kxf6 b5 78. Bf5 bxa4 79.
Bb1 a3 80. Kf5 Nb5 81. Kf4 Nc3 82. Ke3 a2 83. Bxa2 Nxa2 84. Kd3 Nb4+ 85. Kc3 Nc6 86. Kd3 Nxd4 87. Kxd4 Kc6 88. Kc3 Kc5 0-1

[Event "*** Titled Tuesday Blitz"]
[Site "Chess.com"]
[Date "2021.02.09"]
[Round "3"]
[White "AwareIdea"]
[Black "tdf98pantani"]
[Result "1-0"]
[WhiteElo "2469"]
[BlackElo "2737"]
[TimeControl "180+1"]
[EndTime "10:31:11 PST"]
[Termination "AwareIdea won on time"]

1. d4 d5 2. Bf4 c5 3. e3 Nc6 4. Nc3 cxd4 5. exd4 a6 6. Qd2 Nf6 7. Nf3 Bf5 8. Bd3 Bxd3 9. Qxd3 e6 10. O-O Be7 11. Ne5 O-O 12. Nxc6 bxc6 13. Ne2 c5 14. dxc5 Bxc5 15. Bg5 Be7 16. c4 h6 17. Bxf6 Bxf6 18. cxd5 Qxd5 19. Qxd5 exd5 20. Rad1 Bxb2 21. Rxd5 Rfd8 22.
Rfd1 Rxd5 23. Rxd5 Rc8 24. g3 Rc2 25. Kf1 Bf6 26.
Ra5 Rc6 27. f4 Kf8 28. Kf2 Bd8 29. Ra4 a5 30. Ke3 Rc2 31. Kd3 Rb2 32. h4 h5 33. Nc3 g6 34. Re4 Rg2 35. Ne2 Rf2 36. Rd4 Ke7 37. Rd5 Rf3+ 38. Kc2 Re3 39. Kd2 Ra3 40. Nc3 Ke8 41. Re5+ Kd7 42. Rd5+ Kc8 43.
Rxd8+ Kxd8 44. Kc2 Kd7 45. Kb2 Rxc3 46. Kxc3 Ke6 47.
Kc4 Kf5 48. Kb5 Kg4 49. Kxa5 Kxg3 50. Kb4 Kxf4 51. a4 g5 52. a5 g4 53. a6 g3 54. a7 g2 55. a8=Q g1=Q 56. Qb8+ Kf3 57.
Qb7+ Kg3 58. Qxf7 Qd4+ 59. Kb3 Qxh4 60. Kc2 Qg4 61. Qc7+ Qf4 62. Qg7+ Kf2 63. Qa7+ Kg2 64. Qg7+ Kh2 65. Qh8 h4 66. Kd3 Qf3+ 67. Kd2 Qf2+ 68. Kd3 h3 69. Ke4 Qg2+ 70. Ke3 Kh1 71.
Qh7 h2 72. Qf5 Qg3+ 73. Ke2 Qg2+ 74. Qf2 Qe4+ 75. Kf1 Qd3+ 76. Ke1 Qb1+ 77. Ke2 Qb5+ 78. Ke1 1-0

[Event "*** Titled Tuesday Blitz"]
[Site "Chess.com"]
[Date "2021.02.09"]
[Round "3"]
[White "KarateBaby"]
[Black "FlySooHigh"]
[Result "1/2-1/2"]
[WhiteElo "2408"]
[BlackElo "2579"]
[TimeControl "180+1"]
[EndTime "10:31:14 PST"]
[Termination "Game drawn by repetition"]

1. Nf3 Nf6 2. c4 c5 3. Nc3 b6 4. g3 Bb7 5. Bg2 e6 6. O-O Be7 7. b3 d6 8. Bb2 a6 9. e3 Nbd7 10. Qe2 O-O 11. Rfd1 Rc8 12. d4 cxd4 13. Nxd4 Bxg2 14. Kxg2 Qc7 15. Rac1 Rfd8 16. Nf3 Qb7 17.
Kg1 Nc5 18. Rd2 Rc7 19. Rcd1 Rb8 20. Ba3 b5 21. cxb5 axb5 22. Bb4 d5 23. Nd4 Nce4 24. Nxe4 Nxe4 25. Bxe7 Rxe7 26. Rc2 Ree8 27. Rdc1 b4 28. Rc7 Qb6 29. Qf3 Nf6 30. R1c6 Qa5 31. Rc2 Ra8 32.
Ne2 Qa6 33. Nf4 Qd6 34. Nh5 Qe5 35. Nxf6+ Qxf6 36. Qxf6 gxf6 37. Rb7 Reb8 38. Rcc7 Rxb7 39. Rxb7 Rxa2 40. Rxb4 f5 41. Kg2 Kg7 42. h4 h5 43. Kf3 Kf6 44. Rb6 Rb2 45. b4 Ke5 46. b5 Kf6 47. Rb8 Kg7 48. b6 Kf6 49. b7 e5 50. Kg2 Rb3 51. Kf3 Rb2 52. Kg2 Rb3 53. Rd8 Rxb7 54. Rd6+ Kg7 55. Rxd5 f6 56. Kf3 Kg6 57. Rd8 Rb4 58. Rg8+ Kh7 59. Rf8 Kg7 60. Ra8 Rb2 61. Ra7+ Kg6 62. Ra8 Rb4 63. Rg8+ Kh7 64. Rf8 Kg7 65. Ra8 Rb7 66. Ra6 Kg6 67. Kg2 Rb4 68. Ra8 Rb3 69. Re8 Kf7 70. Rh8 Kg6 71.
Rg8+ Kh7 72. Ra8 Kg7 73. Ra6 Kg6 74. Ra8 Rc3 75. Rg8+ Kh7 76. Rf8 Kg7 77. Rd8 Kg6 78. Ra8 Rc2 79. Ra7 Rc4 80. Ra8 f4 81. exf4 exf4 82. Ra3 fxg3 83. fxg3 Kf5 84. Rf3+ Kg6 85. Rf2 Rc3 86. Rf3 Rc4 87. Rf2 Rd4 88. Rf3 Kf7 89.
Kh3 Ke6 90. Re3+ Kf5 91. Rf3+ Kg6 92. Re3 Rc4 93. Rf3 Re4 94. Ra3 Rd4 95. Ra8 Rd2 96. Rg8+ Kf5 97. Rh8 Kg6 98. Rg8+ Kh7 99. Rf8 Kg7 100.
Ra8 Kg6 101. Rg8+ 1/2-1/2

[Event "*** Titled Tuesday Blitz"]
[Site "Chess.com"]
[Date "2021.02.09"]
[Round "3"]
[White "chessdjw"]
[Black "kirillshevchenko"]
[Result "1-0"]
[WhiteElo "2620"]
[BlackElo "2814"]
[TimeControl "180+1"]
[EndTime "10:31:15 PST"]
[Termination "chessdjw won by resignation"]

1. c4 Nf6 2. Nc3 g6 3. e4 d6 4. d4 Bg7 5. Nf3 O-O 6. Be2 e5 7. O-O Qe7 8. d5 Na6 9. Bg5 h6 10. Bh4 g5 11. Bg3 Nc5 12. Nd2 a5 13. b3 Nh7 14. Bg4 f5 15. exf5 Bxf5 16. Bxf5 Rxf5 17. Nde4 b6 18. f3 Raf8 19. a3 g4 20. b4 Nxe4 21.
Nxe4 gxf3 22. Rxf3 Rxf3 23. gxf3 Ng5 24. Nxg5 Qxg5 25. Ra2 Qe3+ 26. Kg2 a4 27. Qe2 Qb3 28. b5 Rxf3 29. Rd2 Rf8 30. Qg4 Qxa3 31. Kh3 Qc3 32. Rg2 Kh8 33. Kh4 Qe3 34. Qxg7+ Kxg7 35. Bf4+ Kh7 36.
Bxe3 Rf3 37. Rg3 Rf1 38. Kh5 Rh1 39. h4 a3 40. Rg2 Rf1 41. Bxh6 Rf5+ 42. Bg5 Rf3 43.
Ra2 Rc3 44. Kg4 Rxc4+ 45. Kf5 Rc5 46. Rxa3 Rxd5 47. Ra7 Rc5 48. Bd8 e4+ 49. Kxe4 Kg6 50. Rxc7 Rxb5 51. Bg5 Ra5 52. Rc6 Ra4+ 53. Kd5 Kh5 54.
Kxd6 b5 55. Rb6 b4 56. Kc5 Ra1 57. Rxb4 Rd1 58. Rd4 Rf1 59. Kd5 Rf8 60. Ke5 Re8+ 61. Kf4 Rf8+ 62. Ke3 Rf1 63. Re4 Rb1 64. Kf4 Rb3 65. Re6 Rf3+ 66. Ke4 Kg4 67. Rf6 Rb3 68. Rf4+ Kh5 69. Ke5 Rb5+ 70. Kf6 Rb6+ 71. Kg7 Rg6+ 72.
Kf7 Ra6 73. Bf6 Ra7+ 74. Ke6 Ra6+ 75. Kf5 Ra5+ 76. Be5 Ra8 77. Rc4 Rf8+ 78. Bf6 Rb8 79. Rc5 Rf8 80. Ke6+ Kg6 81. h5+ Kh6 82. Bg5+ Kh7 83.
Rc7+ Kg8 84. Bf6 Re8+ 85. Kf5 Re2 86. h6 Rf2+ 87. Kg6 Rg2+ 88. Bg5 Rc2 89. Rxc2 1-0

[Event "*** Titled Tuesday Blitz"]
[Site "Chess.com"]
[Date "2021.02.09"]
[Round "3"]
[White "Angry_Twin"]
[Black "Legendinunknown"]
[Result "1-0"]
[WhiteElo "2830"]
[BlackElo "2606"]
[TimeControl "180+1"]
[EndTime "10:31:23 PST"]
[Termination "Angry_Twin won by resignation"]

1. e4 e5 2. Nf3 Nc6 3. Bc4 Nf6 4. d3 Be7 5. O-O O-O 6. a4 d6 7. c3 Na5 8. Ba2 c5 9. b4 Nc6 10. b5 Nb8 11. Re1 Bg4 12. Nbd2 Nbd7 13. h3 Bh5 14. Nf1 Ne8 15. Ng3 Bg6 16. d4 exd4 17. cxd4 cxd4 18.
Bb2 Bf6 19. Bxd4 Nc7 20. Rc1 Ne6 21. Bxf6 Nxf6 22. e5 dxe5 23. Nxe5 Qxd1 24. Rcxd1 Bc2 25. Rc1 Bxa4 26. Nxf7 Kxf7 27. Bxe6+ Kg6 28. Bf5+ Kh6 29. Bd3 Rfd8 30. Nf5+ Kg5 31. Bb1 g6 32. Ng7 Rd7 33.
Ne6+ Kh6 34. Nc5 Rd4 35. Re6 Nh5 36. Nxa4 Rxa4 37. Re7 Rd8 38. Rxb7 Nf4 39. Rcc7 Rd1+ 40. Kh2 Rxb1 41. h4 g5 42. Rxh7+ Kg6 43. Rbg7+ Kf6 44. hxg5+ Kf5 45. g3 Ng6 46. Rh6 Ne5 47. Rf6+ Kg4 48. Kg2 Rb2 49. Rh6 Kf5 50. Rg8 Ng4 51. Rf8+ Kxg5 52.
Rc6 Raa2 53. Rg8+ Kh5 54. Rc5+ Kh6 55. Rxg4 Rxf2+ 56. Kg1 Rg2+ 57. Kf1 Rgf2+ 58. Ke1 Rfb2 59. Kd1 Rg2 60. Rh4+ Kg6 61. Rh1 Ra1+ 62. Rc1 Raa2 63. Rc6+ Kf5 64. Rc4 Ke5 65. Rc1 Kd4 66. Ke1 Kd3 67. g4 Rae2+ 68. Kf1 Ref2+ 69. Ke1 Rf3 70. Rd1+ Ke3 71. Ra1 Re2+ 72. Kd1 Rd2+ 73. Kc1 Rff2 74. Ra3+ Kd4 75. g5 Rc2+ 76. Kb1 Rb2+ 77. Ka1 Rxb5 78. Rg1 Rb7 79. g6 Rg7 80. Rg4+ Ke5 81. Ra5+ Kf6 82. Ra6+ Kf5 83. Rg1 Rf4 84. Ra5+ Kf6 85. Ra6+ Kf5 86. Kb2 Re4 87. Kc3 Re6 88. Rf1+ Kxg6 89. Rxe6+ Kg5 90. Re2 Rc7+ 91. Kd2 Rd7+ 92. Ke1 Rb7 93. Rg2+ 1-0

[Event "*** Titled Tuesday Blitz"]
[Site "Chess.com"]
[Date "2021.02.09"]
[Round "3"]
[White "L1m96"]
[Black "leoduarte"]
[Result "1-0"]
[WhiteElo "2559"]
[BlackElo "2379"]
[TimeControl "180+1"]
[EndTime "10:31:52 PST"]
[Termination "L1m96 won by resignation"]

1. e4 c5 2. Nf3 Nc6 3. d4 cxd4 4.
Nxd4 g6 5. c4 Bg7 6. Be3 Nf6 7.
Nc3 d6 8. Be2 O-O 9. Rc1 Bd7 10.
Qd2 Nxd4 11. Bxd4 Bc6 12. f3 a5 13. b3 Nd7 14. Be3 Nc5 15. h4 e6 16. h5 Qe7 17.
hxg6 fxg6 18. Bg5 Bf6 19. Bh6 Rfd8 20. Kf2 Qf7 21. Kg1 Be5 22. Be3 b6 23. Rh3 Rf8 24. Rf1 Rad8 25. Bd4 Bxd4+ 26. Qxd4 e5 27. Qe3 Qf4 28.
Qxf4 Rxf4 29. Rd1 h5 30. Nd5 Bxd5 31. cxd5 Rf7 32. Rc1 Rc7 33. Bb5 Rdc8 34. Rh1 Kg7 35. Kh2 Kf6 36. Rc4 Nb7 37. Rc6 Rxc6 38. dxc6 Nc5 39.
Rb1 Rc7 40. a3 Ne6 41. Ba4 Nd4 42. b4 b5 43. Bd1 a4 44. Rc1 Rxc6 45. Rxc6 Nxc6 46.
Be2 Nd4 47. Bd3 g5 48. Kg3 Kg6 49. Kf2 Kf6 50. Ke3 h4 51. Kf2 Ke6 52. g3 hxg3+ 53.
Kxg3 Kf6 54. Kf2 Ke6 55. Kg2 Kf6 56. Kg3 Ke6 57. Kg4 Kf6 58. Bf1 Nc2 59. Bxb5 Nxa3 60. Bxa4 Nc4 61. Bb3 Nb6 62. Kg3 Nc8 63. Kf2 Nb6 64.
Ke3 Ke7 65. Kd3 Kd7 66. Kc3 Kc6 67. Be6 Kb5 68. Kb3 Kc6 69. Bf7 Kc7 70. Be8 Kd8 71.
Bb5 Kc7 72. Bf1 Kd8 73. Bh3 Kc7 74. b5 Kd8 75. Kb4 Kc7 76. Be6 Kd8 77. Ka5 Kc7 78. Ka6 Na4 79. Ka5 Nb6 80. Bb3 Nd7 81. Kb4 Nb6 82.
Be6 Kd8 83. Bf5 Kc7 84. Kc3 Kd8 85. Kd3 Ke7 86. Ke3 Kf6 87. Bg4 Ke7 88. Kf2 Kf6 89. Bh3 d5 90. exd5 Nxd5 91. Bf1 Nb6 92. Ke3 Ke6 93.
Ke4 Nd7 94. Bh3+ Kd6 95. Bxd7 Kxd7 96. Kxe5 Kc7 97. Kf5 Kb6 98. Kxg5 Kxb5 99. f4 Kc6 100. f5 Kd7 101. Kg6 Ke8 102. Kg7 Ke7 103. f6+ 1-0

[Event "*** Titled Tuesday Blitz"]
[Site "Chess.com"]
[Date "2021.02.09"]
[Round "4"]
[White "MFguimaraes"]
[Black "juli2512"]
[Result "1-0"]
[WhiteElo "2413"]
[BlackElo "2172"]
[TimeControl "180+1"]
[EndTime "10:34:34 PST"]
[Termination "MFguimaraes won by checkmate"]

1. e4 c5 2. Nf3 d6 3. d4 cxd4 4. Nxd4 Nf6 5. Nc3 Nc6 6. Bg5 e6 7. Nxc6 bxc6 8. e5 dxe5 9. Qxd8+ Kxd8 10. O-O-O+ Kc7 11. f4 Bd6 12. Bxf6 gxf6 13. Ne4 Be7 14. g3 Rb8 15. Bg2 f5 16. Ng5 Bxg5 17. fxg5 e4 18. g4 c5 19. gxf5 exf5 20. Rd5 Kc6 21. Rhd1 Be6 22. Rd6+ Kc7 23. Ra6 Rb7 24. Rdd6 Rhb8 25.
Rac6# 1-0

[Event "*** Titled Tuesday Blitz"]
[Site "Chess.com"]
[Date "2021.02.09"]
[Round "4"]
[White "Lion-Al-Messi"]
[Black "AryanTari"]
[Result "0-1"]
[WhiteElo "2550"]
[BlackElo "2896"]
[TimeControl "180+1"]
[EndTime "10:35:04 PST"]
[Termination "AryanTari won by resignation"]

1. e4 c6 2. Nf3 d5 3. Nc3 Nf6 4.
e5 Ne4 5. Ne2 Qb6 6. d4 e6 7.
Ng3 c5 8. c3 Nc6 9. Bd3 Nxg3 10. hxg3 Bd7 11. Kf1 cxd4 12. cxd4 Rc8 13. a3 Na5 14. b4 Nc4 15. Bg5 Nb2 16. Qb3 Nxd3 17. Kg1 Bb5 18. Rd1 Qa6 19. a4 Bc4 20. b5 Bxb3 0-1

[Event "*** Titled Tuesday Blitz"]
[Site "Chess.com"]
[Date "2021.02.09"]
[Round "4"]
[White "Adham_Fawzy"]
[Black "Gerodot71"]
[Result "1-0"]
[WhiteElo "2770"]
[BlackElo "2517"]
[TimeControl "180+1"]
[EndTime "10:35:13 PST"]
[Termination "Adham_Fawzy won by resignation"]

1. e4 c5 2. Nf3 d6 3. d4 cxd4 4. Nxd4 Nf6 5. Nc3 a6 6. Qd3 e5 7. Nb3 Nc6 8. Bg5 Be7 9. O-O-O Be6 10. Bxf6 gxf6 11. Nd5 Rc8 12. Kb1 b5 13. Be2 Bxd5 14. Qxd5 Nb4 15. Qd2 d5 16. c3 Nc6 17. exd5 1-0

[Event "*** Titled Tuesday Blitz"]
[Site "Chess.com"]
[Date "2021.02.09"]
[Round "4"]
[White "JSMastropiero"]
[Black "mikolka1985"]
[Result "0-1"]
[WhiteElo "2426"]
[BlackElo "2611"]
[TimeControl "180+1"]
[EndTime "10:35:21 PST"]
[Termination "mikolka1985 won by resignation"]

1. Nf3 Nf6 2. g3 d5 3. Bg2 c6 4. c4 dxc4 5. Qc2 b5 6. b3 cxb3 7. axb3 e6 8. O-O Be7 9. d4 O-O 10. Rd1 Bb7 11. Ne5 Nd5 12. e4 Nb4 13. Qe2 Nd7 14.
Nc3 Nxe5 15. dxe5 Qc7 16. f4 Rfd8 17. Be3 a6 18. Rac1 c5 19. Nd5 exd5 20. exd5 Bxd5 0-1

[Event "*** Titled Tuesday Blitz"]
[Site "Chess.com"]
[Date "2021.02.09"]
[Round "4"]
[White "digilik"]
[Black "Gerasimenyuk_Miha"]
[Result "1-0"]
[WhiteElo "2239"]
[BlackElo "2415"]
[TimeControl "180+1"]
[EndTime "10:35:35 PST"]
[Termination "digilik won by resignation"]

1. e4 d5 2. exd5 Qxd5 3. Nc3 Qa5 4. d4 Nf6 5. Nf3 Nc6 6. Bd2 Bg4 7. Nb5 Qb6 8. c4 Bxf3 9. Qxf3 Nxd4 10. Nxd4 Qxd4 11.
Qxb7 Qe4+ 12. Qxe4 Nxe4 13. Be3 e5 14. g3 Bb4+ 15. Ke2 O-O-O 16. Bg2 Nd6 17. a3 Ba5 18. c5 Nc4 19. b4 Nxe3 20. Kxe3 f5 21. bxa5 e4 22.
Rhd1 Kb7 23. f3 exf3 24. Bxf3+ Ka6 25. Rxd8 Rxd8 26. Rd1 Re8+ 27. Kf4 Kxa5 28. Rd7 g6 29. Rxc7 Ka4 30. Bc6+ 1-0

[Event "*** Titled Tuesday Blitz"]
[Site "Chess.com"]
[Date "2021.02.09"]
[Round "4"]
[White "Federtiu"]
[Black "Prostochendir"]
[Result "1-0"]
[WhiteElo "2578"]
[BlackElo "2287"]
[TimeControl "180+1"]
[EndTime "10:35:56 PST"]
[Termination "Federtiu won by resignation"]

1. e4 c5 2. Nc3 Nc6 3. Bb5 e6 4. Bxc6 dxc6 5. f4 e5 6. d3 Bd6 7. fxe5 Bxe5 8. Nf3 Bd4 9. Ne2 Nf6 10. c3 Bg4 11.
cxd4 Bxf3 12. gxf3 cxd4 13. Bg5 Qa5+ 14. Qd2 Qxd2+ 15.
Kxd2 Nd7 16. Nxd4 f6 17. Be3 O-O-O 18. Ne6 1-0

[Event "*** Titled Tuesday Blitz"]
[Site "Chess.com"]
[Date "2021.02.09"]
[Round "4"]
[White "JiiHart"]
[Black "J36225"]
[Result "0-1"]
[WhiteElo "2106"]
[BlackElo "2481"]
[TimeControl "180+1"]
[EndTime "10:35:59 PST"]
[Termination "J36225 won by resignation"]

1. e4 e5 2. Nf3 Nc6 3. Bb5 a6 4.
Ba4 Nf6 5. O-O Nxe4 6. d4 b5 7. Bb3 d5 8. dxe5 Be6 9. Nbd2 Bc5 10. c3 O-O 11. Bc2 Nxf2 12. Rxf2 f6 13. exf6 Bxf2+ 14. Kxf2 Qxf6 15. Qe2 Rae8 16. Qd3 g6 17. Kg1 Kg7 18.
b3 Bf5 0-1

[Event "*** Titled Tuesday Blitz"]
[Site "Chess.com"]
[Date "2021.02.09"]
[Round "4"]
[White "Fighter008"]
[Black "Smile2005"]
[Result "1-0"]
[WhiteElo "2589"]
[BlackElo "2336"]
[TimeControl "180+1"]
[EndTime "10:36:10 PST"]
[Termination "Fighter008 won by resignation"]

1. e4 d5 2. exd5 Nf6 3. Bb5+ Bd7 4. Be2 Nxd5 5. d4 Bf5 6. Nf3 e6 7. O-O Be7 8. c4 Nb6 9. Nc3 O-O 10. Bf4 Nc6 11.
h3 a6 12. Rc1 Qd7 13. Qd2 Rad8 14.
Rfd1 Bf6 15. d5 Ne7 16. d6 cxd6 17. Qxd6 Qxd6 18. Bxd6 Nbc8 19. Be5 Bxe5 20. Nxe5 Ng6 21.
Nd7 Rfe8 22. g4 1-0

[Event "*** Titled Tuesday Blitz"]
[Site "Chess.com"]
[Date "2021.02.09"]
[Round "4"]
[White "leoduarte"]
[Black "WonderChampion"]
[Result "1-0"]
[WhiteElo "2381"]
[BlackElo "2067"]
[TimeControl "180+1"]
[EndTime "10:36:12 PST"]
[Termination "leoduarte won by checkmate"]

1. e4 c5 2. Nf3 g6 3. d4 cxd4 4. Nxd4 Nc6 5. Nc3 Bg7 6. Be3 Nf6 7. Bc4 O-O 8. Bb3 d6 9. f3 Bd7 10. h4 h5 11. Qd2 a6 12. O-O-O b5 13. g4 b4 14. Nd5 Nxd5 15. exd5 Ne5 16. gxh5 gxh5 17.
Rhg1 Kh8 18. Bh6 Ng6 19. Ne6 Bxe6 20. dxe6 Kh7 21. Bxg7 Kxg7 22. exf7 a5 23. Rxg6+ Kxg6 24. Qg5+ Kh7 25. Qxh5+ Kg7 26. Rg1+ Kf6 27. Rg6# 1-0

[Event "*** Titled Tuesday Blitz"]
[Site "Chess.com"]
[Date "2021.02.09"]
[Round "4"]
[White "Piotrek1979"]
[Black "KruHor"]
[Result "1-0"]
[WhiteElo "2393"]
[BlackElo "2579"]
[TimeControl "180+1"]
[EndTime "10:36:13 PST"]
[Termination "Piotrek1979 won by checkmate"]

1. e4 c5 2. Nf3 e6 3. d4 cxd4 4. Nxd4 a6 5. Bd3 Bc5 6. Nb3 Be7 7. Qe2 d6 8. f4 Nf6 9. Be3 O-O 10. N1d2 b5 11.
a4 bxa4 12. Rxa4 Nc6 13. O-O Nd7 14. Rfa1 Nb6 15. R4a3 Nb4 16. Qf2 Nxd3 17. cxd3 Rb8 18. Nd4 Bd7 19. Rxa6 g6 20. Nxe6 fxe6 21. Bxb6 Qc8 22.
Ra7 e5 23. Rc7 Qe8 24. Raa7 Bd8 25. Rxd7 Bxb6 26. Rg7+ Kh8 27. Rxh7+ Kg8 28. Rag7# 1-0

[Event "*** Titled Tuesday Blitz"]
[Site "Chess.com"]
[Date "2021.02.09"]
[Round "4"]
[White "sorrm8thatscheckm8"]
[Black "Rsnr"]
[Result "1-0"]
[WhiteElo "2583"]
[BlackElo "2755"]
[TimeControl "180+1"]
[EndTime "10:36:29 PST"]
[Termination "sorrm8thatscheckm8 won by resignation"]

1. d4 d5 2. c4 c6 3. cxd5 cxd5 4. Nc3 Nf6 5. f3 Nc6 6. e4 dxe4 7. d5 Ne5 8. fxe4 e6 9. Nf3 Nxf3+ 10. Qxf3 Bd6 11. Bb5+ Bd7 12. dxe6 fxe6 13. Bxd7+ Qxd7 14. O-O O-O 15. Be3 Be5 16. Bc5 Rfc8 17. Rad1 Qc7 18. Bd4 Bxh2+ 19. Kh1 Be5 20. Nb5 Qb8 21. Qh3 Re8 22. Rxf6 Bxf6 23. Bxf6 gxf6 24. Rd7 1-0

[Event "*** Titled Tuesday Blitz"]
[Site "Chess.com"]
[Date "2021.02.09"]
[Round "4"]
[White "Colombiano07"]
[Black "NiranjanNavalgund"]
[Result "1-0"]
[WhiteElo "2318"]
[BlackElo "2503"]
[TimeControl "180+1"]
[EndTime "10:36:30 PST"]
[Termination "Colombiano07 won by resignation"]

1. d4 Nf6 2. c4 e6 3. Nc3 Bb4 4. Qc2 d6 5. Nf3 Nbd7 6. g3 b6 7. Bg2 Bb7 8. O-O O-O 9. a3 Bxc3 10. Qxc3 Ne4 11. Qc2 f5 12. b4 a5 13. Bb2 axb4 14. axb4 Rxa1 15. Bxa1 Ndf6 16. Nd2 Nxd2 17. Qxd2 Bxg2 18. Kxg2 Qa8+ 19. f3 Qa4 20. Bc3 Qb3 21. Qd3 Ra8 22. Rb1 Qa3 23. Ra1 Qxa1 24. Bxa1 Rxa1 25.
c5 Nd5 26. cxd6 cxd6 27. Qb5 Kf7 28. Qd7+ Kf6 29. Qxd6 Ra2 30. Qe5+ Kf7 31. Kh3 g5 32. e4 fxe4 33. fxe4 Nf6 34. Qxg5 Nxe4 35. Qh5+ Kg7 36. Qg4+ 1-0

[Event "*** Titled Tuesday Blitz"]
[Site "Chess.com"]
[Date "2021.02.09"]
[Round "4"]
[White "WiktoriaPOL"]
[Black "NoGalloNoParty"]
[Result "0-1"]
[WhiteElo "2027"]
[BlackElo "2363"]
[TimeControl "180+1"]
[EndTime "10:36:31 PST"]
[Termination "NoGalloNoParty won by checkmate"]

1. e4 d6 2. d4 Nf6 3. Nc3 c6 4. Nf3 Bg4 5. h3 Bh5 6. Be3 e6 7. Be2 Be7 8. Qd2 d5 9. e5 Nfd7 10. O-O-O Bxf3 11. Bxf3 c5 12. Be2 Nc6 13. f4 Qb6 14. g4 O-O 15. h4 Rfc8 16. g5 cxd4 17. Bxd4 Nxd4 18. Qxd4 Bc5 19. Qd3 Be3+ 20. Kb1 Bxf4 21.
h5 Bxe5 22. g6 Rxc3 23. gxh7+ Kh8 24. Qd2 Rac8 25. h6 Rxc2 26. hxg7+ Bxg7 27. Qxc2 Rxc2 28. Kxc2 Qxb2+ 29. Kd3 Qc3# 0-1

[Event "*** Titled Tuesday Blitz"]
[Site "Chess.com"]
[Date "2021.02.09"]
[Round "4"]
[White "TimofeevAr"]
[Black "Alonmindlin"]
[Result "0-1"]
[WhiteElo "2861"]
[BlackElo "2690"]
[TimeControl "180+1"]
[EndTime "10:36:32 PST"]
[Termination "Alonmindlin won by resignation"]

1. c4 Nf6 2. Nc3 e5 3. e3 Bb4 4.
Nge2 O-O 5. a3 Bxc3 6. Nxc3 d5 7. cxd5 Nxd5 8. Be2 Nc6 9. d3 Be6 10. O-O a5 11. Bd2 Qe7 12. Qc2 Rfd8 13. Rac1 Nxc3 14. Bxc3 h6 15. Qa4 Bd5 16. Qb5 Nd4 17. Bxd4 exd4 18. e4 Bc6 19. Qc4 Ra6 20. f4 Rb6 21. Rc2 Kh8 22. h3 f5 23. e5 Qh4 24. Kh2 Bxg2 25.
Rf3 Rg6 0-1

[Event "*** Titled Tuesday Blitz"]
[Site "Chess.com"]
[Date "2021.02.09"]
[Round "4"]
[White "Gloomy_Wanderer"]
[Black "Hypercar"]
[Result "1-0"]
[WhiteElo "2727"]
[BlackElo "2508"]
[TimeControl "180+1"]
[EndTime "10:36:33 PST"]
[Termination "Gloomy_Wanderer won by resignation"]

1. d4 d5 2. c4 e6 3. Nf3 Nf6 4. g3 c5 5. cxd5 Nxd5 6. Bg2 cxd4 7. O-O Be7 8. Nxd4 O-O 9. Nf5 Bf6 10. Na3 Nc6 11.
Nc4 exf5 12. Bxd5 Be6 13. Bxe6 fxe6 14. Be3 b5 15. Nd6 Bxb2 16. Rb1 Bd4 17. Nxb5 Bxe3 18. fxe3 Qg5 19. Qb3 Kh8 20. Nc7 Rab8 21. Qxe6 Rxb1 22.
Rxb1 h6 23. Qxc6 Qxe3+ 24. Kh1 Qxe2 25. Ne6 Rf6 26. Qe8+ Kh7 27. Nf8+ Rxf8 28. Qxe2 1-0

[Event "*** Titled Tuesday Blitz"]
[Site "Chess.com"]
[Date "2021.02.09"]
[Round "4"]
[White "dropstoneDP"]
[Black "KeithArkell"]
[Result "1-0"]
[WhiteElo "2967"]
[BlackElo "2477"]
[TimeControl "180+1"]
[EndTime "10:36:34 PST"]
[Termination "dropstoneDP won by resignation"]

1. Nf3 Nf6 2. c4 c5 3. Nc3 Nc6 4. g3 g6 5. Bg2 Bg7 6. d4 cxd4 7. Nxd4 Nxd4 8. Qxd4 d6 9. O-O O-O 10. Qd3 Nd7 11. Bf4 Nc5 12. Qe3 Ne6 13. Bh6 Bxh6 14.
Qxh6 Nd4 15. Rad1 Nf5 16. Qg5 Be6 17. b3 Rc8 18. Bxb7 Rb8 19. Be4 Re8 20. h4 h5 21.
Nd5 Bxd5 22. Bxf5 Bc6 23. Bxg6 fxg6 24. Qxg6+ Kh8 25. Rd4 Rf8 26. Qxh5+ Kg7 27. Rg4+ 1-0

[Event "*** Titled Tuesday Blitz"]
[Site "Chess.com"]
[Date "2021.02.09"]
[Round "4"]
[White "Azerichess"]
[Black "chess4life23"]
[Result "1-0"]
[WhiteElo "2976"]
[BlackElo "2333"]
[TimeControl "180+1"]
[EndTime "10:36:42 PST"]
[Termination "Azerichess won by resignation"]

1. c4 Nf6 2. Nc3 d5 3. cxd5 Nxd5 4. Nf3 c5 5. g3 Nc6 6. Bg2 Nc7 7. O-O e6 8. b3 Be7 9. Bb2 O-O 10. Rc1 b6 11. d3 Bb7 12. e3 Rc8 13. Qe2 Bf6 14. Rfd1 Qe7 15. Nd2 Rfd8 16. Nde4 Be5 17. f4 Bxc3 18. Nxc3 Nd5 19. Ne4 Ba6 20. Nf2 f5 21. g4 Rc7 22.
Ba1 Rcd7 23. a3 Na5 24. Rb1 Nc6 25. Kh1 Bb7 26. Rg1 e5 27. gxf5 exf4 28. Bxd5+ Rxd5 29.
Rxg7+ Qxg7 30. Bxg7 Kxg7 31. e4 1-0

[Event "*** Titled Tuesday Blitz"]
[Site "Chess.com"]
[Date "2021.02.09"]
[Round "4"]
[White "SkippingLaptop"]
[Black "Forantes"]
[Result "0-1"]
[WhiteElo "2060"]
[BlackElo "2376"]
[TimeControl "180+1"]
[EndTime "10:36:43 PST"]
[Termination "Forantes won by resignation"]

1. d4 Nf6 2. c4 g6 3. Nc3 d5 4. cxd5 Nxd5 5. e4 Nxc3 6. bxc3 Bg7 7. Nf3 c5 8. Bc4 O-O 9. O-O Bg4 10. Be3 cxd4 11.
cxd4 Nc6 12. d5 Ne5 13. Rb1 Nxc4 0-1

[Event "*** Titled Tuesday Blitz"]
[Site "Chess.com"]
[Date "2021.02.09"]
[Round "4"]
[White "profofchess"]
[Black "azikom"]
[Result "0-1"]
[WhiteElo "2423"]
[BlackElo "2651"]
[TimeControl "180+1"]
[EndTime "10:36:52 PST"]
[Termination "azikom won by resignation"]

1. e4 c5 2. Nf3 d6 3. d4 cxd4 4. Nxd4 Nf6 5. Nc3 a6 6. Nb3 Nc6 7. Be3 Ng4 8. Bc1 g6 9. Be2 Nf6 10. g4 Bg7 11. g5 Nd7 12. f4 b5 13. Be3 Bb7 14. a3 Rc8 15. h4 Na5 16. Bd4 e5 17. fxe5 Nxe5 18. Nxa5 Qxa5 19. h5 O-O 20. h6 Bh8 21.
Qd2 b4 22. Na2 Bxe4 23. axb4 Qd5 24. O-O Rxc2 25. Qe3 Nf3+ 26. Bxf3 Bxd4 0-1

[Event "*** Titled Tuesday Blitz"]
[Site "Chess.com"]
[Date "2021.02.09"]
[Round "4"]
[White "mirochka"]
[Black "canary2016"]
[Result "1-0"]
[WhiteElo "2236"]
[BlackElo "1992"]
[TimeControl "180+1"]
[EndTime "10:36:52 PST"]
[Termination "mirochka won by checkmate"]

1. e4 c5 2. d4 cxd4 3. c3 dxc3 4. Nxc3 Nf6 5. e5 Ng8 6. Bc4 e6 7. Nf3 Nc6 8. O-O Nge7 9. Bg5 h6 10. Bh4 g5 11.
Bg3 Nf5 12. Ne4 Be7 13. a3 O-O 14. b4 Nxg3 15. fxg3 Qc7 16. Nf6+ Bxf6 17. exf6 d5 18.
Bd3 e5 19. Nxg5 hxg5 20. Qh5 e4 21. Qxg5+ Kh8 22. Qg7# 1-0